 Dungeon Crawl Stone Soup version 0.20.1-1-g8b1a95d (webtiles) character file.

84 Knicklaso the Vandal (level 4, -5/29 HPs)
             Began as a Halfling Hunter on July 19, 2017.
             Killed from afar by Sigmund (6 damage)
             ... with a magic dart
             ... on level 2 of the Dungeon.
             The game lasted 00:07:51 (1764 turns).

Knicklaso the Vandal (Halfling Hunter)              Turns: 1764, Time: 00:07:51

Health: -5/29      AC:  3    Str: 15    XL:     4   Next: 72%
Magic:  4/4        EV: 17    Int:  9    God:
Gold:   55         SH:  0    Dex: 15    Spells: 3/3 levels left

rFire    . . .     SeeInvis .   a - +1 hunting sling
rCold    . . .     Gourm    .   (shield restricted)
rNeg     . . .     Faith    .   c - +0 leather armour
rPois    .         Spirit   .   (no helmet)
rElec    .         Reflect  .   (no cloak)
rCorr    .         Harm     .   (no gloves)
MR       .....     Rnd*Tele +   (no boots)
Stlth    +.........             (no amulet)
Regen    0.1/turn               e - +2 ring of strength
MPRegen  0.1/turn               n - ring of teleportation (curse)

@: confused
A: mutation resistance 1
a: no special abilities


You were on level 2 of the Dungeon.
You were not hungry.

You visited 1 branch of the dungeon, and saw 2 of its levels.

You collected 55 gold pieces.

Inventory:

Hand Weapons
 a - a +1 hunting sling (weapon)
 o - a +4 spear
Missiles
 d - 25 sling bullets (quivered)
 g - 105 stones
Armour
 c - a +0 leather armour (worn)
Jewellery
 e - a +2 ring of strength (left hand)
 n - a cursed ring of teleportation (right hand)
Scrolls
 i - 2 scrolls of fog {unknown}
 k - a scroll of blinking {unknown}
 l - a scroll of remove curse {unknown}
 m - a scroll of fear {unknown}
 q - a scroll of enchant weapon {unknown}
Potions
 b - a potion of brilliance {unknown}
 h - 2 potions of invisibility
 j - 2 potions of haste {unknown}
 r - a potion of degeneration {unknown}
Comestibles
 p - a royal jelly


   Skills:
 - Level 1.7 Fighting
 - Level 6.0 Slings
 + Level 4.9 Dodging
 - Level 1.1 Stealth


You had 3 spell levels left.
You didn't know any spells.

Dungeon Overview and Level Annotations

Branches:
Dungeon (2/15)

Altars:

Annotations:
D:2 Sigmund


Innate Abilities, Weirdness & Mutations

You are small and have problems with some larger weapons.
You are somewhat resistant to further mutation.


Message History

Sigmund flickers and vanishes!
A magic dart appears from out of thin air!
The magic dart hits you!
A magic dart appears from out of thin air!
The magic dart hits you!
You see here a sling bullet.
d - 23 sling bullets (gained 1)
You see here a sling bullet.
d - 24 sling bullets (gained 1)
A magic dart appears from out of thin air!
The magic dart hits you!
You see here a sling bullet.
d - 25 sling bullets (gained 1)
A puff of flame appears from out of thin air!
The puff of flame hits you!
* * * LOW HITPOINT WARNING * * *
You are confused.
A magic dart appears from out of thin air!
The magic dart hits you!
You die...

#######..>....#..#...# ##......
#...............##...# #.....#
..#####....)..####...# #....##
..# #..(.......(....######..###
#.# ##.#.#.#.###...........##
#.## #(#.#####(..#.........# #.<#
#...#####.#.#.......#.###
##.######..(.#.......####.#...###
##......[..#....@....## #.###....
......................# #.###.<..
......####......#...#..##...#....
.....###....#...#.#.##...........
..........##........# ##.........
.....######.........###..........
###.## #...........#...........
###.# #...........#...###.....
.#..# #......[....#..##.##....


There were no monsters in sight!

Vanquished Creatures
  4 gnolls (D:2)
  A worm (D:2)
  2 dart slugs (D:1)
  A leopard gecko (D:1)
  A giant cockroach (D:1)
  6 goblins
  7 hobgoblins
  5 kobolds
  6 bats
  2 frilled lizards
  3 rats (D:1)
38 creatures vanquished.

Notes
Turn   | Place    | Note
-------+----------+-------------------------------------------
     0 | D:1      | Knicklaso the Halfling Hunter began the quest for the Orb.
     0 | D:1      | Reached XP level 1. HP: 14/14 MP: 1/1
    40 | D:1      | Reached skill level 6 in Slings
    62 | D:1      | Reached XP level 2. HP: 14/19 MP: 2/2
   307 | D:1      | Reached XP level 3. HP: 23/24 MP: 3/3
   764 | D:2      | Reached XP level 4. HP: 29/29 MP: 4/4
  1163 | D:2      | Noticed Sigmund
  1758 | D:2      | HP: 1/29 [something/puff of flame (10)]
  1764 | D:2      | Killed from afar by Sigmund

Skill      XL: |  1  2  3 |
---------------+----------+-----
Slings         | 6 |  6.0
Dodging        | 3 4 |  4.9
Fighting       | |  1.7
Stealth        | |  1.1

Action                   |  1- 3 |  4- 6 || total
-------------------------+-------+-------++-------
Melee: Short sword       |    24 |       ||    24
       Spear             |     5 |    36 ||    41
 Fire: Hunting sling     |    46 |    27 ||    73
  Use: Potion            |       |     1 ||     1
  Eat: Bread ration      |       |     1 ||     1
Armor: Leather armour    |     4 |     6 ||    10
Dodge: Dodged            |    27 |    31 ||    58
